 Dungeon Crawl Stone Soup version 0.31.0-12-g77e489cdc1 (webtiles) character file.

Game seed: 3335566733224364608

407 Doomgape the Trooper (level 6, -3/60 HPs)
             Began as a Gargoyle Fighter on Feb 15, 2024.
             Was an Initiate of the Shining One.
             Slain by Pikel
             ... wielding a +0 whip of freezing
              (6 damage)
             ... on level 5 of the Dungeon.
             The game lasted 00:10:58 (3974 turns).

Doomgape the Trooper (Gargoyle Fighter)             Turns: 3974, Time: 00:10:59

Health: -3/60      AC: 23    Str: 28    XL:     6   Next: 88%
Magic:  0/6        EV:  2    Int:  8    God:    the Shining One [......]
Gold:   211        SH:  0    Dex:  9    Spells: 5/5 levels left

rFire   . . .        q - +2 glaive (flame)
rCold   . . .        (shield currently unavailable)
rNeg    + + .        r - melded +0 plate armour
rPois   ∞            (helmet currently unavailable)
rElec   .            (cloak currently unavailable)
rCorr   .            (gloves currently unavailable)
SInv    .            (boots currently unavailable)
Will    .....        o - amulet of guardian spirit
Stlth   +            h - +6 ring of strength
HPRegen 0.30/turn    n - ring of positive energy
MPRegen 0.10/turn

%: guardian spirit
@: mighty, tree-form, glowing, invisible (but backlit and visible)
A: stationary, stasis, torment immunity, boosted hp, sickness immunity, AC +4,
negative energy resistance 1, (electricity resistance), torment resistance 1,
petrification resistance
a: Renounce Religion


You were on level 5 of the Dungeon.
You worshipped the Shining One.
The Shining One was noncommittal.
You were a tree.
You visited 2 branches of the dungeon, and saw 6 of its levels.

You collected 211 gold pieces.

Inventory:

Hand Weapons
 a - a +0 flail
 q - a +2 glaive of flaming (weapon)
Missiles
 t - 2 javelins (quivered)
Armour
 c - a +0 buckler
 r - a +0 plate armour (melded)
Jewellery
 h - a +6 ring of strength (left branch)
 n - a ring of positive energy (right branch)
 o - an amulet of guardian spirit (around neck)
Wands
 b - a wand of acid (20)
 j - a wand of polymorph (10)
Scrolls
 e - a scroll of enchant weapon
 g - 5 scrolls of identify
 i - a scroll of revelation
 p - a scroll of noise {unknown}
 s - a scroll of enchant armour {unknown}
Potions
 f - 2 potions of mutation
 k - 2 potions of brilliance
 l - 2 potions of invisibility


   Skills:
 + Level 5.6 Fighting
 - Level 3.1 Maces & Flails
 + Level 2.1 Polearms
 + Level 5.5 Armour
 - Level 3.2 Shields


You had 5 spell levels left.
You didn't know any spells.
Your spell library contained the following spells:

 Spells                   Type           Power      Damage    Failure   Level
 Apportation              Tloc           0%         N/A       41%         1


Dungeon Overview and Level Annotations

Branches:
Dungeon (5/15)             Temple (1/1) D:4

Altars:
Cheibriados
Elyvilon
Fedhas
Hepliaklqana
Kikubaaqudgha
Qazlal
Sif Muna
Vehumet
Yredelemnul
The Shining One

Annotations:
D:5 Pikel


Innate Abilities, Weirdness & Mutations

You are a tree.
Your roots penetrate the ground, keeping you stationary.
You cannot be teleported.
You are immune to unholy pain and torment.
Your maximum health is greatly increased.
Your equipment is partially melded.
You are immune to sickness and miasma.
((Your stone body is resilient. (AC +4)))
You are immune to poison.
You resist negative energy. (rN+)
((You are resistant to electric shocks. (rElec)))
You are resistant to unholy torment.
You are immune to petrification.


Message History

Pikel freezes you.
* * * LOW HITPOINT WARNING * * *
Pikel closely misses you.
You feel very mighty all of a sudden. Pikel hits you but does no damage.
Unknown command.
You closely miss Pikel.
Pikel is lightly wounded.
Pikel hits you but does no damage.
You barely miss Pikel.
Pikel is lightly wounded.
Pikel hits you but does no damage.
Pikel hits you with a +0 whip of freezing.
* * * LOW HITPOINT WARNING * * *
Pikel freezes you.
* * * LOW HITPOINT WARNING * * *
You closely miss Pikel.
Pikel is lightly wounded.
Pikel hits you with a +0 whip of freezing.
* * * LOW HITPOINT WARNING * * *
Pikel freezes you.
You closely miss Pikel.
Pikel is lightly wounded.
Pikel hits you but does no damage. Pikel completely misses you.
You slash Pikel! You burn Pikel.
Pikel is heavily wounded.
Pikel hits you with a +0 whip of freezing.
* * * LOW HITPOINT WARNING * * *
Pikel freezes you. The Shining One protects you from harm!
Pikel hits you but does no damage.
It was a potion of invisibility.
You become transparent, but the glow from your halo prevents you from becoming completely invisible.
Pikel hits you but does no damage.
It was a potion of lignification.
You turn into a tree.
Your +0 plate armour melds into your body.
Your roots penetrate the ground.
Pikel hits you with a +0 whip of freezing.
You die...
Pikel says, "See you in Hell!"

# #. ## #. ####.. #..
###...# ##...########
###.....#
#..........5#######.......#
#.........555K♣...........#
.....##########...........#
... #####.....).# #
####....# ####.#
########..##
####≈≈≈.....≈≈#
≈≈≈≈.≈..≈≈.≈≈≈#
......≈≈....≈.###


You could see Pikel and 4 lemures.

Vanquished Creatures
  A centaur (D:5)
  A bullfrog (D:4)
  A bombardier beetle (D:3)
  Jessica (D:2)
  2 iguanas
  5 adders
  3 gnolls (D:4)
  5 dart slugs
  A ribbon worm (D:4)
  5 orcs
  7 ball pythons
  5 endoplasms
  A giant cockroach (D:2)
  5 goblins
  6 hobgoblins
  4 jackals (D:3)
  5 kobolds
  5 quokkas
  7 bats
  3 frilled lizards (D:1)
  4 rats
77 creatures vanquished.

Notes
Turn   | Place    | Note
-------+----------+-------------------------------------------
     0 | D:1      | Doomgape the Gargoyle Fighter began the quest for the Orb.
     0 | D:1      | Reached XP level 1. HP: 14/14 MP: 1/1
   263 | D:1      | Reached XP level 2. HP: 19/19 MP: 2/2
   925 | D:2      | Noticed Jessica
   939 | D:2      | Killed Jessica
   940 | D:2      | Reached XP level 3. HP: 14/24 MP: 3/3
  1129 | D:2      | Reached XP level 4. HP: 29/29 MP: 4/4
  2047 | D:3      | Reached XP level 5. HP: 34/34 MP: 5/5
  2939 | D:4      | Reached skill level 5 in Fighting
  3004 | D:4      | Reached skill level 1 in Polearms
  3004 | D:4      | Reached skill level 5 in Armour
  3004 | D:4      | Reached XP level 6. HP: 40/40 MP: 6/6
  3301 | D:4      | Found a radiant altar of Vehumet.
  3301 | D:4      | Found an ancient bone altar of Kikubaaqudgha.
  3331 | D:4      | Found a shimmering blue altar of Sif Muna.
  3338 | D:4      | Got Sif Muna's Parchment of Direction
  3528 | D:4      | Found a staircase to the Ecumenical Temple.
  3566 | Temple   | Entered the Ecumenical Temple
  3680 | Temple   | Became a worshipper of the Shining One
  3795 | D:5      | Entered Level 5 of the Dungeon
  3941 | D:5      | Noticed Pikel
  3970 | D:5      | HP: 1/40 [Pikel/+0 whip of freezing (3)]
  3972 | D:5      | The Shining One protects you from harm!
  3974 | D:5      | Slain by Pikel

Illustrated notes

Levels and vault maps discovered:
D:1:      sevenhm_arrival_forest_fort_large_2, layout_basic,
          serial_park_tiny_pond, minmay_statues_item,
          minmay_misc_feat_four_crosses, chequers_serial_rivers_large_a
D:2:      layout_basic, uniq_jessica
D:3:      layout_basic
D:4:      minmay_skewed_foursquare, layout_rooms,
          grunt_temple_overflow_magic_moments, minmay_temple_entry_mist,
          serial_curves, eino_curves_03, eino_curves_04, eino_curves_02
D:5:      layout_cave_pods, mainiacjoe_overflow_alcove_4,
          nicolae_uskayaw_suspiria, nicolae_overflow_crystal_walls, uniq_pikel
Temple:   nicolae_temple_ecumenical_triangle

Skill      XL: |  1  2  3  4  5  6 |
---------------+-------------------+-----
Fighting       | 4 5 |  5.6
Armour         | 4 5 |  5.5
Maces & Flails | 3 |  3.1
Polearms       | 1 2 |  2.1
Shields        | |  3.2

Action                     |  1- 3 |  4- 6 || total
---------------------------+-------+-------++-------
  Melee: Flail             |    99 |    43 ||   142
         Glaive            |       |   141 ||   141
    Use: Scroll            |       |     7 ||     7
         Potion            |       |     4 ||     4
 Armour: Scale mail        |    80 |    36 ||   116
         Plate armour      |       |   173 ||   173
         Skin              |       |     1 ||     1
  Dodge: Dodged            |    51 |   101 ||   152
  Block: Buckler           |    26 |    11 ||    37
